 Dungeon Crawl Stone Soup version 0.22-a0-252-gcace5d2 (webtiles) character file.

55 JeffiDaFish the Magician (level 3, 0/26 HPs)
             Began as a Draconian Wizard on Mar 1, 2018.
             Slain by a gnoll (7 damage)
             ... on level 2 of the Dungeon.
             The game lasted 00:04:11 (1677 turns).

JeffiDaFish the Magician (Draconian Wizard)         Turns: 1677, Time: 00:04:11

Health: 0/26       AC:  6    Str:  6 (9)  XL:     3   Next: 67%
Magic:  0/8        EV: 12    Int: 19      God:
Gold:   33         SH:  0    Dex:  8 (9)  Spells: 4/9 levels left

rFire    . . .     SeeInvis .   b - +0 spear
rCold    . . .     Gourm    .   (no shield)
rNeg     . . .     Faith    .   (armour unavailable)
rPois    .         Spirit   .   a - +1 hat
rElec    .         Reflect  .   (no cloak)
rCorr    .         Harm     .   (no gloves)
MR       .....                  (no boots)
Stlth    ++........             (no amulet)
HPRegen  0.08/turn              e - -2 ring of slaying (curse)
MPRegen  0.11/turn              (no ring)

@: very slightly contaminated
A: unfitting armour, cold-blooded, AC +5
a: no special abilities


You were on level 2 of the Dungeon.
You were hungry.

You visited 1 branch of the dungeon, and saw 2 of its levels.

You collected 33 gold pieces.

Inventory:

Hand Weapons
 b - a +0 spear (weapon)
Armour
 a - a +1 hat (worn)
Jewellery
 e - a cursed -2 ring of slaying (left hand)
Scrolls
 d - a scroll of identify
Comestibles
 c - a ration


   Skills:
 - Level 1.7 Dodging
 - Level 1.7 Stealth
 + Level 3.8 Spellcasting
 + Level 2.6 Conjurations
   Level 1.0 Summonings
 - Level 1.0 Translocations


You had 4 spell levels left.
You knew the following spells:

 Your Spells              Type           Power        Failure   Level  Hunger
a - Magic Dart            Conj           ##..         4%          1    None
b - Blink                 Tloc           N/A          14%         2    ##.....
c - Slow                  Hex            #.......     22%         2    ##.....


Dungeon Overview and Level Annotations

Branches:
Dungeon (2/15)

Altars:


Innate Abilities, Weirdness & Mutations

Your plain brown scales are hard. (AC +5)
You cannot fit into any form of body armour.
You are cold-blooded and may be slowed by cold attacks.


Message History

Aiming: Magic Dart (safe; 4% risk of failure)
Press: ? - help, Shift-Dir - straight line, f/p - gnoll
Aim: a gnoll (heavily wounded)
The magic dart hits the gnoll.
The gnoll is severely wounded.
Casting: Magic Dart (safe; 4% risk of failure)
Confirm with . or Enter, or press ? or * to list all spells.
Aiming: Magic Dart (safe; 4% risk of failure)
Press: ? - help, Shift-Dir - straight line, f/p - gnoll
Aim: a gnoll (severely wounded)
The magic dart hits the gnoll.
The gnoll is almost dead.
The gnoll barely misses you.
Casting: Magic Dart (safe; 4% risk of failure)
Confirm with . or Enter, or press ? or * to list all spells.
You don't have enough magic to cast that spell.
You hit the gnoll but do no damage.
The gnoll is almost dead.
The gnoll hits you!
You die...

########
#....#.#####
#......#...#
#.#..#.#...#
#g#..#'#...##
#@#.........# ....
#...........######
....
#...#.......#.....
....
#...##+#...#......
.... ###...#
#...#...... ....
#.....##.#...#......
[...
#<....##............
..#
#.##.##########.....
..# #.#..g..g.#
#.....


You could see a gnoll.

Vanquished Creatures
  3 gnolls (D:2)
  A dart slug (D:1)
  2 leopard geckos (D:1)
  4 bats
  3 hobgoblins (D:1)
  2 jackals (D:1)
  A kobold (D:1)
  2 ball pythons
  2 frilled lizards
  3 rats (D:1)
23 creatures vanquished.

Notes
Turn   | Place    | Note
-------+----------+-------------------------------------------
     0 | D:1      | JeffiDaFish the Draconian Wizard began the quest for the Orb.
     0 | D:1      | Reached XP level 1. HP: 14/14 MP: 4/4
   272 | D:1      | Reached XP level 2. HP: 18/20 MP: 0/6
   276 | D:1      | Learned a level 2 spell: Blink
   279 | D:1      | Learned a level 2 spell: Slow
  1191 | D:2      | Reached XP level 3. HP: 5/26 MP: 5/8
  1212 | D:1      | HP: 1/26 [leopard gecko (2)]
  1601 | D:2      | HP: 1/26 [gnoll/halberd (10)]
  1677 | D:2      | Slain by a gnoll

Vault maps used:
D:1:      onia_arrival_mini_maze, nrook_mini_vaults
D:2:      first_ration

Skill      XL: |  1  2 |
---------------+-------+-----
Conjurations   | 2 |  2.6
Dodging        | |  1.7
Stealth        | |  1.7
Spellcasting   | |  3.8
Summonings     | |  1.0
Translocations | |  1.0

Action                   || total
-------------------------++-------
Melee: Unarmed           ||    24
       Mace              ||    16
       Tailslap          ||     4
       Spear             ||    63
 Cast: Magic Dart        ||    53
       Blink             ||     3
       Slow              ||     1
  Use: Scroll            ||     6
       Potion            ||     2
  Eat: Chunk             ||     2
Armor: Skin              ||    45
Dodge: Dodged            ||    94

Table legend:
 A = Spawn XP
 B = Non-spawn XP
 C = Spawn XP percentage of total XP
 D = Spawn monster count
 E = Non-spawn monster count
 F = Spawn count percentage of total count
 G = Total turns spent on level
                    A         B        C        D         E        F      G
               +---------+---------+-------+---------+---------+-------+---------
         Total |       0 |      79 |   0.0 |       0 |      23 |   0.0 |  1677
               +---------+---------+-------+---------+---------+-------+---------
           D:1 |       0 |      32 |   0.0 |       0 |      17 |   0.0 |  1416
           D:2 |       0 |      47 |   0.0 |       0 |       6 |   0.0 |   261
               +---------+---------+-------+---------+---------+-------+---------
